[Event "22nd Ruzomberok Open 2019"]
[Site "Ruzomberok"]
[Date "2019.06.30"]
[Round "2.11"]
[White "Slyk, Piotr"]
[Black "Orvisky, Vladimir"]
[Result "0-1"]
[ECO "B02"]
[WhiteElo "1082"]
[BlackElo "1719"]
[Annotator "NA"]
[PlyCount "162"]
[EventDate "2019.06.29"]
[EventType "swiss"]
[EventCountry "SVK"]
[SourceTitle "playchess.com"]
[Source "ChessBase"]
[SourceQuality "1"]
[TimeControl "40/5400+30:1800+30"]

1. e4 Nf6 2. d3 e6 3. g3 d6 4. Bg2 Be7 5. Nf3 c6 6. O-O O-O 7. a3 Nbd7 8. Nc3 e5 9. Bg5 h6 10. Bxf6 Nxf6 11. d4 exd4 12. Nxd4 Re8 13. Nf3 Qc7 14. Qd4 Bf8 15. Nd2 b5 16. a4 bxa4 17. Rxa4 Bd7 18. Rfa1 c5 19. Qd3 Bxa4 20. Rxa4 Rab8 21. b3 Qd7 22. Nd5 Nxd5 23. Qxd5 Re5 24. Qd3 Ree8 25. Ra6 Rb6 26. Rxb6 axb6 27. Nc4 b5 28. Ne3 g6 29. h3 Bg7 30. Nd5 b4 31. Kh2 Rf8 32. Nb6 Qe6 33. Nc4 Rd8 34. Nb6 Bd4 35. Nd5 Bxf2 36. Qf3 Bd4 37. Nc7 Qf6 38. Qxf6 Bxf6 39. Nb5 Be5 40. Bf1 d5 41. exd5 Rxd5 42. Bd3 Bb8 43. Kg2 h5 44. h4 Kg7 45. Kf3 f5 46. Bc4 Rd1 47. c3 Rg1 48. cxb4 cxb4 49. Nd4 Rxg3+ 50. Ke2 Rg4 51. Nf3 Bg3 52. Bb5 Bxh4 53. Bc6 Bg3 54. Kf1 h4 55. Kg2 g5 56. Kh3 Bf4 57. Nxg5 Bxg5 58. Bd7 Rg3+ 59. Kh2 f4 60. Be6 f3 61. Bc4 f2 62. Kh1 Rg1+ 63. Kh2 Bf4+ 64. Kh3 Bg3 65. Kg4 f1=Q 66. Bxf1 Rxf1 67. Kh3 Kg6 68. Kg2 Rf2+ 69. Kh3 Rh2+ 70. Kg4 Rb2 71. Kf3 Rxb3+ 72. Kg4 Be1 73. Kf4 h3 74. Kg4 h2 75. Kf4 h1=Q 76. Ke5 Re3+ 77. Kd4 Qe4+ 78. Kc5 Rc3+ 79. Kd6 Bg3+ 80. Kd7 Rc7+ 81. Kd8 Qe7# 0-1

[Event "22nd Ruzomberok Open 2019"]
[Site "Ruzomberok"]
[Date "2019.06.30"]
[Round "2.12"]
[White "Karcol, Jan"]
[Black "Bombek, Peter"]
[Result "0-1"]
[ECO "C01"]
[WhiteElo "1882"]
[BlackElo "2159"]
[Annotator "NA"]
[PlyCount "192"]
[EventDate "2019.06.29"]
[EventType "swiss"]
[EventCountry "SVK"]
[SourceTitle "playchess.com"]
[Source "ChessBase"]
[SourceQuality "1"]
[TimeControl "40/5400+30:1800+30"]

1. e4 e6 2. d4 d5 3. exd5 exd5 4. Bd3 c5 5. dxc5 Bxc5 6. Nf3 Nf6 7. Bg5 O-O 8. O-O h6 9. Bh4 Nc6 10. Nc3 Be6 11. Qd2 Be7 12. Rfe1 Re8 13. Rad1 Qb6 14. Qc1 Rac8 15. a3 Nd7 16. Bxe7 Rxe7 17. Na4 Qa5 18. Nc3 Nf6 19. Qf4 Qb6 20. Na4 Qc7 21. Qxc7 Rcxc7 22. Nc3 a6 23. Ne2 Bg4 24. c3 Bxf3 25. gxf3 Re5 26. f4 Ree7 27. Ng3 g6 28. Bb1 Rxe1+ 29. Rxe1 d4 30. Ne2 dxc3 31. Nxc3 Nd4 32. Kg2 Kg7 33. Ba2 Nf5 34. Re2 Rd7 35. Bb1 Nd4 36. Rd2 Kf8 37. Ne2 Nxe2 38. Rxe2 a5 39. h4 Rd4 40. f5 gxf5 41. Bxf5 Rxh4 42. Rc2 Rh5 43. Rc8+ Kg7 44. Bd3 Rd5 45. Bc4 Rd2 46. Rc7 Rd7 47. Rc5 Rd2 48. Rc7 Rd7 49. Rc5 b6 50. Rc6 Rb7 51. a4 Ng4 52. Ba6 Rb8 53. Rc7 Ne5 54. f4 Ng6 55. Bc4 Nxf4+ 56. Kf3 Nh3 57. Rxf7+ Kg6 58. Rd7 Ng5+ 59. Kg2 Kf5 60. Be2 Rf8 61. Rd6 Rf6 62. Bd3+ Ke5 63. Rd8 Rd6 64. Re8+ Kd4 65. Bb5 Ne6 66. Rh8 Nf4+ 67. Kf3 Nd3 68. Bxd3 Kxd3 69. Rc8 Rd4 70. Rc3+ Kd2 71. Rc6 Rb4 72. Rxh6 Rxb2 73. Rd6+ Kc3 74. Rc6+ Kd4 75. Kf4 Rb4 76. Kf3 Kd5 77. Rh6 Kc4 78. Ke3 Kb3 79. Kd3 Kxa4 80. Kc3 b5 81. Rh1 Rb3+ 82. Kc2 Rg3 83. Kb2 Rg2+ 84. Kb1 Rd2 85. Ka1 Kb3 86. Rh3+ Kc4 87. Rh4+ Rd4 88. Rh5 a4 89. Rh1 Kc3 90. Rc1+ Kd2 91. Rb1 b4 92. Rh1 Kc2 93. Ka2 Rd1 94. Rh2+ Rd2 95. Rh8 Kc3+ 96. Ka1 Rd1+ 0-1

[Event "22nd Ruzomberok Open 2019"]
[Site "Ruzomberok"]
[Date "2019.06.30"]
[Round "2.13"]
[White "Mrvova, Alena"]
[Black "Marsina, Stefan"]
[Result "1-0"]
[ECO "C00"]
[WhiteElo "2153"]
[BlackElo "1857"]
[Annotator "NA"]
[PlyCount "67"]
[EventDate "2019.06.29"]
[EventType "swiss"]
[EventCountry "SVK"]
[SourceTitle "playchess.com"]
[Source "ChessBase"]
[SourceQuality "1"]
[TimeControl "40/5400+30:1800+30"]

1. e4 e6 2. d3 d5 3. Nd2 c5 4. g3 Nf6 5. Bg2 Be7 6. e5 Nfd7 7. f4 Nc6 8. Ndf3 O-O 9. Nh3 f6 10. exf6 Bxf6 11. O-O e5 12. Nhg5 Bxg5 13. Nxg5 Nf6 14. f5 Nd4 15. g4 h6 16. Nh3 Nh7 17. c3 Nc6 18. Qb3 Nf6 19. Nf2 Na5 20. Qd1 c4 21. b4 cxb3 22. axb3 Qb6 23. b4 Nc6 24. h3 d4 25. Qb3+ Kh7 26. c4 a5 27. b5 Nd8 28. Bd2 Bd7 29. Qa3 Nf7 30. Bxa5 Qa7 31. Qb2 Rfe8 32. Bb4 Qb6 33. Qe2 Qc7 34. h4 1-0

[Event "22nd Ruzomberok Open 2019"]
[Site "Ruzomberok"]
[Date "2019.06.30"]
[Round "2.14"]
[White "Profant, Jan"]
[Black "Motycakova, Monika"]
[Result "0-1"]
[ECO "A20"]
[WhiteElo "1871"]
[BlackElo "2150"]
[Annotator "NA"]
[PlyCount "42"]
[EventDate "2019.06.29"]
[EventType "swiss"]
[EventCountry "SVK"]
[SourceTitle "playchess.com"]
[Source "ChessBase"]
[SourceQuality "1"]
[TimeControl "40/5400+30:1800+30"]

1. c4 e5 2. g3 Nf6 3. Bg2 d5 4. cxd5 Nxd5 5. Nc3 Nb6 6. Nf3 Nc6 7. a3 Be7 8. b4 Be6 9. b5 Nd4 10. Rb1 f6 11. O-O O-O 12. d3 a6 13. a4 axb5 14. axb5 Qd7 15. Ne1 Nd5 16. Nxd5 Bxd5 17. b6 cxb6 18. Rxb6 Ra1 19. Bxd5+ Qxd5 20. Nc2 Rxc1 21. Qxc1 Nxe2# 0-1

[Event "22nd Ruzomberok Open 2019"]
[Site "Ruzomberok"]
[Date "2019.06.30"]
[Round "2.15"]
[White "Vacek, Ondrej"]
[Black "Salomons, Lorenzo"]
[Result "1-0"]
[ECO "D02"]
[WhiteElo "2125"]
[BlackElo "1842"]
[Annotator "NA"]
[PlyCount "39"]
[EventDate "2019.06.29"]
[EventType "swiss"]
[EventCountry "SVK"]
[SourceTitle "playchess.com"]
[Source "ChessBase"]
[SourceQuality "1"]
[TimeControl "40/5400+30:1800+30"]

1. Nf3 d5 2. d4 Nf6 3. c4 e6 4. g3 b6 5. Bg2 c6 6. O-O Be7 7. Nc3 O-O 8. Ne5 Nfd7 9. cxd5 Nxe5 10. dxe5 cxd5 11. Nxd5 Bb7 12. Nf6+ Bxf6 13. Bxb7 Nd7 14. Bxa8 Nxe5 15. Qxd8 Rxd8 16. Bg2 Nc4 17. Rb1 Nd2 18. Bxd2 Rxd2 19. Bf3 Bxb2 20. Rfd1 1-0

[Event "22nd Ruzomberok Open 2019"]
[Site "Ruzomberok"]
[Date "2019.06.30"]
[Round "2.16"]
[White "Hrnciar, Roman"]
[Black "Jakab, Stefan"]
[Result "1-0"]
[ECO "A03"]
[WhiteElo "2096"]
[BlackElo "1751"]
[Annotator "NA"]
[PlyCount "67"]
[EventDate "2019.06.29"]
[EventType "swiss"]
[EventCountry "SVK"]
[SourceTitle "playchess.com"]
[Source "ChessBase"]
[SourceQuality "1"]
[TimeControl "40/5400+30:1800+30"]

1. f4 d5 2. e3 g6 3. Nf3 Bg7 4. Be2 Nc6 5. O-O Nf6 6. Bb5 Bd7 7. Qe2 a6 8. Bxc6 Bxc6 9. Ne5 Bb5 10. d3 e6 11. Nd2 Qe7 12. b3 c5 13. c4 Bd7 14. Bb2 O-O 15. Ndf3 b5 16. Rac1 Rac8 17. g4 dxc4 18. bxc4 bxc4 19. dxc4 Bc6 20. Nxc6 Rxc6 21. Ne5 Rcc8 22. g5 Ne4 23. Rfd1 Rfd8 24. Rxd8+ Qxd8 25. Rd1 Qb6 26. Qc2 Rd8 27. Rxd8+ Qxd8 28. Qxe4 Qd1+ 29. Kf2 Qd2+ 30. Kg3 Qxb2 31. Qa8+ Bf8 32. Qa7 Bd6 33. Qxf7+ Kh8 34. Qf6+ 1-0

[Event "22nd Ruzomberok Open 2019"]
[Site "Ruzomberok"]
[Date "2019.06.30"]
[Round "2.17"]
[White "Stanko, Ivan"]
[Black "Cech, Dominik"]
[Result "1/2-1/2"]
[ECO "C44"]
[WhiteElo "1859"]
[BlackElo "2092"]
[Annotator "NA"]
[PlyCount "71"]
[EventDate "2019.06.29"]
[EventType "swiss"]
[EventCountry "SVK"]
[SourceTitle "playchess.com"]
[Source "ChessBase"]
[SourceQuality "1"]
[TimeControl "40/5400+30:1800+30"]

1. e4 e5 2. Nf3 Nc6 3. d4 exd4 4. Nxd4 Nf6 5. Nxc6 bxc6 6. Bd3 d5 7. exd5 cxd5 8. Nc3 c6 9. O-O Be7 10. Re1 O-O 11. Bg5 h6 12. Bh4 Rb8 13. Rb1 Rb4 14. Bg3 Bd6 15. a3 Bxg3 16. hxg3 Rb8 17. Na4 Ng4 18. Qd2 Nf6 19. Nc5 Nd7 20. Qe3 Nxc5 21. Qxc5 Qb6 22. Bh7+ Kxh7 23. Qxf8 Be6 24. Qd6 Rd8 25. Qf4 c5 26. Qe5 d4 27. Qe4+ g6 28. b3 Bf5 29. Qe7 Kg7 30. Rbc1 Rd7 31. Qe5+ Kh7 32. Qe8 Be6 33. Re4 Qd6 34. Rce1 Rd8 35. Qa4 Rd7 36. g4 1/2-1/2

[Event "22nd Ruzomberok Open 2019"]
[Site "Ruzomberok"]
[Date "2019.06.30"]
[Round "2.18"]
[White "Bednar, Jan"]
[Black "Taragelova, Martina"]
[Result "1-0"]
[ECO "A22"]
[WhiteElo "2084"]
[BlackElo "1719"]
[Annotator "NA"]
[PlyCount "97"]
[EventDate "2019.06.29"]
[EventType "swiss"]
[EventCountry "SVK"]
[SourceTitle "playchess.com"]
[Source "ChessBase"]
[SourceQuality "1"]
[TimeControl "40/5400+30:1800+30"]

1. c4 e5 2. Nc3 Nf6 3. g3 d5 4. cxd5 Nxd5 5. Bg2 Nb6 6. Nf3 Nc6 7. O-O Be7 8. a3 O-O 9. b4 Be6 10. d3 f6 11. Be3 Nd4 12. Bxd4 exd4 13. Nb5 c5 14. bxc5 Bxc5 15. Rc1 a6 16. Rxc5 axb5 17. Rxb5 Rxa3 18. Qc1 Rc3 19. Qb2 Nc8 20. Rxb7 Bd5 21. Nxd4 Bxg2 22. Rxg7+ Kh8 23. Qxc3 Bxf1 24. Kxf1 Qd5 25. e4 Qh5 26. Kg2 Kxg7 27. Ne6+ Kg8 28. Nxf8 Qe8 29. Nxh7 Kxh7 30. Qxf6 Ne7 31. h4 Ng6 32. h5 Ne5 33. d4 Nd7 34. Qf5+ Kh8 35. g4 Qe7 36. g5 Qe8 37. h6 Kg8 38. g6 Kh8 39. g7+ Kg8 40. Qd5+ Kh7 41. Kf1 Nb6 42. g8=Q+ Qxg8 43. Qb7+ Kh8 44. Qxb6 Qc4+ 45. Kg2 Qg8+ 46. Kf3 Qf8+ 47. Kg3 Qg8+ 48. Kh4 Qd8+ 49. Qxd8+ 1-0

[Event "22nd Ruzomberok Open 2019"]
[Site "Ruzomberok"]
[Date "2019.06.30"]
[Round "2.19"]
[White "Pasztor, Ladislav"]
[Black "Holly, Andrej"]
[Result "0-1"]
[ECO "B30"]
[WhiteElo "1857"]
[BlackElo "2046"]
[Annotator "NA"]
[PlyCount "148"]
[EventDate "2019.06.29"]
[EventType "swiss"]
[EventCountry "SVK"]
[SourceTitle "playchess.com"]
[Source "ChessBase"]
[SourceQuality "1"]
[TimeControl "40/5400+30:1800+30"]

1. e4 c5 2. Nf3 Nc6 3. c3 Nf6 4. e5 Nd5 5. d4 cxd4 6. cxd4 g6 7. Bc4 Nb6 8. Bb3 Bg7 9. O-O O-O 10. Nc3 d6 11. Bf4 Bg4 12. Re1 Qd7 13. Bg3 Bxf3 14. gxf3 e6 15. d5 exd5 16. exd6 Bxc3 17. bxc3 Qf5 18. Kg2 Rfe8 19. Qd2 Na5 20. Rxe8+ Rxe8 21. Re1 Re6 22. Rxe6 fxe6 23. Bc2 Qf6 24. Qh6 Nac4 25. Bh4 Qxc3 26. Qf4 Qxc2 27. Qf6 Qf5 28. Qe7 Qf7 29. Qd8+ Qf8 30. Qc7 Qxd6 31. Qxb7 Qd7 32. Qb8+ Kg7 33. Bg3 d4 34. h4 d3 35. h5 gxh5 36. Qf4 Qf7 37. Qd4+ Qf6 38. Qxd3 h4 39. Bb8 Qg6+ 40. Qxg6+ hxg6 41. Bxa7 g5 42. Kh3 Kg6 43. f4 Nd5 44. fxg5 Kxg5 45. Bb8 Nf4+ 46. Kh2 Kg4 47. a4 Nd3 48. f3+ Kh5 49. Bc7 Ne1 50. f4 Kg4 51. a5 Nf3+ 52. Kh1 Nxa5 53. Bxa5 Kxf4 54. Kg2 Kg4 55. Bc7 Nd4 56. Bd6 Nf5 57. Be5 Ne7 58. Bd6 Ng6 59. Bc7 Nf4+ 60. Kf2 h3 61. Kg1 Nd3 62. Kh2 e5 63. Bb6 e4 64. Be3 Kf3 65. Bb6 Nf4 66. Ba5 e3 67. Bc3 e2 68. Bd2 Kg4 69. Kg1 Nd3 70. Kh2 e1=Q 71. Bxe1 Nxe1 72. Kh1 Kg3 73. Kg1 Nd3 74. Kh1 Nf2+ 0-1

[Event "22nd Ruzomberok Open 2019"]
[Site "Ruzomberok"]
[Date "2019.06.30"]
[Round "2.20"]
[White "Bartek, Ladislav"]
[Black "Polko, Pavol"]
[Result "1-0"]
[ECO "B28"]
[WhiteElo "2042"]
[BlackElo "1638"]
[Annotator "NA"]
[PlyCount "77"]
[EventDate "2019.06.29"]
[EventType "swiss"]
[EventCountry "SVK"]
[SourceTitle "playchess.com"]
[Source "ChessBase"]
[SourceQuality "1"]
[TimeControl "40/5400+30:1800+30"]

1. e4 c5 2. Nf3 a6 3. c4 Nc6 4. d4 cxd4 5. Nxd4 e5 6. Nc2 Bc5 7. Nc3 d6 8. Be2 Be6 9. O-O h6 10. Kh1 Nf6 11. f4 exf4 12. Bxf4 Ne5 13. b4 Ba7 14. c5 Nc4 15. Nd4 d5 16. Nxe6 fxe6 17. e5 Ne4 18. Nxe4 dxe4 19. Bxc4 Qxd1 20. Raxd1 Rd8 21. Rxd8+ Kxd8 22. Rd1+ Ke7 23. Rd6 b5 24. Rxe6+ Kd7 25. Rd6+ Ke7 26. Be2 a5 27. a3 Rf8 28. Bg3 Rb8 29. Rg6 Kf7 30. Bh5 Kg8 31. e6 Re8 32. Be5 Re7 33. Bd6 Re8 34. Rxg7+ Kxg7 35. Bxe8 axb4 36. axb4 Kf6 37. e7 e3 38. Bxb5 e2 39. e8=Q {[%emt 0:00:11] Ke5} 1-0

[Event "22nd Ruzomberok Open 2019"]
[Site "Ruzomberok"]
[Date "2019.06.30"]
[Round "2.21"]
[White "Zilkay, Dominik"]
[Black "Bakalar, Jan"]
[Result "0-1"]
[ECO "B22"]
[WhiteElo "1328"]
[BlackElo "1969"]
[Annotator "NA"]
[PlyCount "112"]
[EventDate "2019.06.29"]
[EventType "swiss"]
[EventCountry "SVK"]
[SourceTitle "playchess.com"]
[Source "ChessBase"]
[SourceQuality "1"]
[TimeControl "40/5400+30:1800+30"]

1. e4 c5 2. c3 d5 3. exd5 Qxd5 4. d4 e6 5. Nf3 Nf6 6. a3 Nc6 7. Be3 cxd4 8. cxd4 Be7 9. Nc3 Qd8 10. Bd3 O-O 11. O-O b6 12. Qe2 Bb7 13. Rac1 a6 14. Bb1 Re8 15. h3 b5 16. b4 g6 17. Ba2 Rc8 18. Qd3 Qd7 19. Qd2 Red8 20. Rfd1 Qe8 21. Qe1 Nb8 22. Ne5 Nbd7 23. Bh6 Bf8 24. Bg5 Bg7 25. Qe3 Nxe5 26. dxe5 Rxd1+ 27. Nxd1 Nd5 28. Qe1 Rxc1 29. Bxc1 Qc6 30. Bxd5 Qxd5 31. Ne3 Qxe5 32. Qd2 Bd5 33. Qc2 Qc3 34. Qxc3 Bxc3 35. g3 f5 36. Nd1 Bf6 37. Nb2 Be4 38. h4 Bc2 39. Kf1 e5 40. Ke2 e4 41. Nd1 Bxd1+ 42. Kxd1 Kg7 43. Kc2 h6 44. Kb3 g5 45. hxg5 hxg5 46. Be3 Kg6 47. a4 Be5 48. axb5 axb5 49. Kc2 f4 50. gxf4 gxf4 51. Bc5 Kf5 52. Kd2 Ke6 53. Bb6 Kd5 54. Kc2 Kc4 55. Bc5 Bd4 56. Bd6 f3 0-1

[Event "22nd Ruzomberok Open 2019"]
[Site "Ruzomberok"]
[Date "2019.06.30"]
[Round "2.22"]
[White "Taragel, Marian"]
[Black "Tomanek, Rafael"]
[Result "1-0"]
[ECO "B14"]
[WhiteElo "1636"]
[BlackElo "1880"]
[Annotator "NA"]
[PlyCount "67"]
[EventDate "2019.06.29"]
[EventType "swiss"]
[EventCountry "SVK"]
[SourceTitle "playchess.com"]
[Source "ChessBase"]
[SourceQuality "1"]
[TimeControl "40/5400+30:1800+30"]

1. e4 c6 2. d4 d5 3. exd5 cxd5 4. c4 Nf6 5. Nc3 e6 6. Nf3 Bb4 7. cxd5 Nxd5 8. Bd2 O-O 9. Bd3 Nd7 10. O-O N7f6 11. Qc2 Bxc3 12. bxc3 b6 13. Ng5 g6 14. c4 Ne7 15. Bc3 Nf5 16. Qb2 Bb7 17. Rfe1 h6 18. Bxf5 gxf5 19. d5 Nxd5 20. cxd5 Qxg5 21. Bf6 Qg6 22. f4 Kh7 23. dxe6 fxe6 24. Rxe6 Rf7 25. Rae1 Be4 26. Re3 Qh5 27. Rg3 Qd1+ 28. Kf2 Rc8 29. Bc3 Rd7 30. Rxh6+ Kxh6 31. Bg7+ Kh5 32. Rh3+ Kg4 33. Rh4+ Kxh4 34. Qf6+ 1-0

[Event "22nd Ruzomberok Open 2019"]
[Site "Ruzomberok"]
[Date "2019.06.30"]
[Round "2.23"]
[White "Kukan, Michal"]
[Black "Borsos, Bogdan"]
[Result "0-1"]
[ECO "A10"]
[WhiteElo "1698"]
[BlackElo "2216"]
[Annotator "NA"]
[PlyCount "112"]
[EventDate "2019.06.29"]
[EventType "swiss"]
[EventCountry "SVK"]
[SourceTitle "playchess.com"]
[Source "ChessBase"]
[SourceQuality "1"]
[TimeControl "40/5400+30:1800+30"]

1. c4 d6 2. Nc3 e5 3. g3 Nf6 4. Bg2 Be7 5. Nf3 O-O 6. O-O Nc6 7. d4 Bg4 8. dxe5 dxe5 9. h3 Be6 10. b3 h6 11. Bb2 Qc8 12. Kh2 Rd8 13. Qe1 Nd4 14. Rc1 Nxf3+ 15. exf3 Nd7 16. Qe4 Nc5 17. Qe2 Nd3 18. Rcd1 Nxb2 19. Qxb2 c6 20. Rxd8+ Qxd8 21. Rd1 Qc7 22. Ne2 Bf6 23. Qc2 Rd8 24. f4 Rxd1 25. Qxd1 Qd7 26. Qxd7 Bxd7 27. Be4 Kf8 28. Kg2 Ke7 29. c5 exf4 30. Nxf4 Bd4 31. b4 Bc3 32. a3 g5 33. Nd3 f5 34. Bf3 Be6 35. Be2 Bd5+ 36. Kh2 a5 37. bxa5 Bxa5 38. Nb4 Be6 39. h4 Kf6 40. hxg5+ hxg5 41. f4 Bc7 42. fxg5+ Kxg5 43. Bf3 Bc4 44. Nxc6 bxc6 45. Bxc6 Kg4 46. Bd7 Bxg3+ 47. Kg2 Bd5+ 48. Kf1 Kf4 49. a4 Bc4+ 50. Kg2 Be1 51. c6 Ba5 52. Kf2 Ke4 53. Bc8 f4 54. Bb7 Bb6+ 55. Ke1 Bd5 56. Kf1 Ke3 0-1

[Event "22nd Ruzomberok Open 2019"]
[Site "Ruzomberok"]
[Date "2019.06.30"]
[Round "2.24"]
[White "Bemak, Mikhail"]
[Black "Staffen, Robert"]
[Result "1-0"]
[ECO "D80"]
[WhiteElo "2102"]
[BlackElo "1683"]
[Annotator "NA"]
[PlyCount "45"]
[EventDate "2019.06.29"]
[EventType "swiss"]
[EventCountry "SVK"]
[SourceTitle "playchess.com"]
[Source "ChessBase"]
[SourceQuality "1"]
[TimeControl "40/5400+30:1800+30"]

1. d4 Nf6 2. c4 g6 3. Nc3 d5 4. Bg5 Ne4 5. Bh4 Nxc3 6. bxc3 Bg7 7. e3 O-O 8. Nf3 c5 9. Nd2 Nc6 10. Be2 Bf5 11. O-O Rc8 12. cxd5 Qxd5 13. e4 Bxe4 14. Bc4 Qf5 15. g4 Bc2 16. gxf5 Bxd1 17. Raxd1 cxd4 18. cxd4 Bxd4 19. fxg6 hxg6 20. Nf3 e5 21. Bf6 Nb4 22. Bb3 Nc6 23. Rfe1 1-0

[Event "22nd Ruzomberok Open 2019"]
[Site "Ruzomberok"]
[Date "2019.06.30"]
[Round "2.25"]
[White "Mikulec, Martin"]
[Black "Cernekova, Martina"]
[Result "0-1"]
[ECO "B53"]
[WhiteElo "1875"]
[BlackElo "1659"]
[Annotator "NA"]
[PlyCount "196"]
[EventDate "2019.06.29"]
[EventType "swiss"]
[EventCountry "SVK"]
[SourceTitle "playchess.com"]
[Source "ChessBase"]
[SourceQuality "1"]
[TimeControl "40/5400+30:1800+30"]

1. e4 c5 2. Nf3 d6 3. d4 cxd4 4. Qxd4 Nc6 5. Bb5 Qa5+ 6. Nc3 Bd7 7. Bxc6 Bxc6 8. O-O e5 9. Qd3 h6 10. Rd1 Nf6 11. a3 Be7 12. b4 Qc7 13. Nb5 Bxb5 14. Qxb5+ Qc6 15. Qxc6+ bxc6 16. Nh4 Nxe4 17. Nf5 g5 18. f3 Nc3 19. Rd3 Ne2+ 20. Kf2 Nxc1 21. Rxc1 d5 22. c4 d4 23. Re1 f6 24. Nxe7 Kxe7 25. Rxd4 Rhd8 26. Rdd1 h5 27. g4 hxg4 28. fxg4 a5 29. Kf3 axb4 30. Rxd8 Rxd8 31. axb4 Rd4 32. Re4 Rd3+ 33. Re3 Rd4 34. Rc3 Rd2 35. h3 Rb2 36. b5 cxb5 37. c5 Kd7 38. c6+ Kc7 39. Ke4 Rb4+ 40. Kd5 Rd4+ 41. Ke6 Rd6+ 42. Kf5 Rxc6 43. Rb3 Kb6 44. Rb1 Ka5 45. Ra1+ Kb4 46. Rb1+ Kc5 47. Rc1+ Kd6 48. Rb1 Kc5 49. Rc1+ Kb6 50. Rb1 Rc3 51. Kxf6 Rxh3 52. Kxg5 e4 53. Kf4 e3 54. g5 Rh4+ 55. Kf5 Rh2 56. Rg1 Rf2+ 57. Kg4 e2 58. Re1 Rg2+ 59. Kf3 Rxg5 60. Rxe2 b4 61. Re8 Kc5 62. Ke2 Kc4 63. Kd2 Kb3 64. Kc1 Rg1+ 65. Kd2 Kb2 66. Rc8 b3 67. Rc7 Kb1 68. Rb7 b2 69. Rb8 Rg2+ 70. Kd1 Rg1+ 71. Kd2 Rc1 72. Rb7 Rc2+ 73. Kd1 Rc3 74. Kd2 Ra3 75. Rb6 Ka1 76. Kc2 Ra2 77. Rxb2 Rxb2+ 78. Kc3 Ka2 79. Kc4 Rb3 80. Kc5 Ka3 81. Kc4 Rb4+ 82. Kc5 Ka4 83. Kc6 Rb5 84. Kc7 Ka5 85. Kc6 Kb4 86. Kd6 Rc5 87. Ke6 Kc4 88. Kd6 Kd4 89. Ke6 Rd5 90. Kf6 Re5 91. Kg6 Ke4 92. Kf6 Kf4 93. Kg6 Rf5 94. Kh6 Rg5 95. Kh7 Kf5 96. Kh6 Rg1 97. Kh7 Kf6 98. Kh6 Rh1# 0-1

[Event "22nd Ruzomberok Open 2019"]
[Site "Ruzomberok"]
[Date "2019.06.30"]
[Round "2.26"]
[White "Galbavy, Dusan"]
[Black "Ucekajova, Veronika"]
[Result "1/2-1/2"]
[ECO "C06"]
[WhiteElo "1704"]
[BlackElo "1836"]
[Annotator "NA"]
[PlyCount "63"]
[EventDate "2019.06.29"]
[EventType "swiss"]
[EventCountry "SVK"]
[SourceTitle "playchess.com"]
[Source "ChessBase"]
[SourceQuality "1"]
[TimeControl "40/5400+30:1800+30"]

1. e4 e6 2. d4 d5 3. Nd2 Nf6 4. e5 Nfd7 5. Bd3 c5 6. c3 Nc6 7. Ne2 cxd4 8. cxd4 f6 9. exf6 Nxf6 10. O-O Bd6 11. Nf3 Qc7 12. Bd2 O-O 13. Rc1 Bd7 14. b4 a6 15. Qc2 h6 16. Ng3 Qb6 17. Qb2 Be8 18. a3 Nh5 19. Be3 Nf4 20. Bb1 Ne7 21. Ne5 Bxe5 22. dxe5 Qd8 23. Qd2 Nfg6 24. Bxh6 gxh6 25. Qxh6 Nf5 26. Bxf5 exf5 27. Nh5 Qe7 28. Nf6+ Rxf6 29. exf6 Qxf6 30. Rc7 Bf7 31. Rfc1 Re8 32. Rc8 1/2-1/2

[Event "22nd Ruzomberok Open 2019"]
[Site "Ruzomberok"]
[Date "2019.06.30"]
[Round "2.27"]
[White "Mocary, Metod"]
[Black "Kunzo, Slavomir"]
[Result "1/2-1/2"]
[ECO "D43"]
[WhiteElo "1830"]
[BlackElo "1593"]
[Annotator "NA"]
[PlyCount "55"]
[EventDate "2019.06.29"]
[EventType "swiss"]
[EventCountry "SVK"]
[SourceTitle "playchess.com"]
[Source "ChessBase"]
[SourceQuality "1"]
[TimeControl "40/5400+30:1800+30"]

1. d4 d5 2. Nf3 Nf6 3. c4 e6 4. Nc3 c6 5. Bg5 Be7 6. e3 O-O 7. Bd3 Nbd7 8. O-O h6 9. Bh4 b6 10. Rc1 Bb7 11. cxd5 cxd5 12. Ne5 Nxe5 13. dxe5 Ne4 14. Bxe7 Qxe7 15. a3 Nc5 16. Bb1 Ba6 17. Re1 f5 18. b4 Ne4 19. f4 Rfc8 20. Nxe4 Rxc1 21. Qxc1 dxe4 22. Rd1 Rc8 23. Qd2 Bc4 24. Ba2 b5 25. Bxc4 bxc4 26. Qc3 Qc7 27. Rd6 Kf7 28. b5 1/2-1/2

[Event "22nd Ruzomberok Open 2019"]
[Site "Ruzomberok"]
[Date "2019.06.30"]
[Round "2.28"]
[White "Horbal, Jozef"]
[Black "Bartanus, Stanislav"]
[Result "*"]
[ECO "D85"]
[WhiteElo "1660"]
[BlackElo "1781"]
[Annotator "NA"]
[PlyCount "81"]
[EventDate "2019.06.29"]
[EventType "swiss"]
[EventCountry "SVK"]
[SourceTitle "playchess.com"]
[Source "ChessBase"]
[SourceQuality "1"]
[TimeControl "40/5400+30:1800+30"]

1. d4 Nf6 2. c4 g6 3. Nf3 Bg7 4. Nc3 d5 5. cxd5 Nxd5 6. e4 Nxc3 7. bxc3 c5 8. Be3 O-O 9. Be2 Nc6 10. O-O Bg4 11. d5 Ne5 12. Bxc5 Qc7 13. Bd4 Bxf3 14. Bxf3 Nxf3+ 15. Qxf3 Qc4 16. Rfd1 Rfc8 17. Bxg7 Kxg7 18. Rd3 Rc7 19. h3 Rac8 20. Qe3 Qc5 21. Qd4+ Qxd4 22. cxd4 Rc2 23. a3 Re2 24. e5 Rcc2 25. Rf1 Kf8 26. g3 Ke8 27. Kg2 Red2 28. Rxd2 Rxd2 29. Rb1 Rxd4 30. Rxb7 Rxd5 31. Rxa7 Rxe5 32. a4 h5 33. a5 f6 34. a6 Ra5 35. Ra8+ Kf7 36. a7 Ra3 37. Kf1 g5 38. Kg2 Ke6 39. Kf1 Kf7 40. Kg2 Ke6 41. Kf1 *

[Event "22nd Ruzomberok Open 2019"]
[Site "Ruzomberok"]
[Date "2019.06.30"]
[Round "2.29"]
[White "Kapicakova, Lucia"]
[Black "Slivka, Vasil"]
[Result "1/2-1/2"]
[ECO "A05"]
[WhiteElo "1776"]
[BlackElo "1562"]
[Annotator "NA"]
[PlyCount "122"]
[EventDate "2019.06.29"]
[EventType "swiss"]
[EventCountry "SVK"]
[SourceTitle "playchess.com"]
[Source "ChessBase"]
[SourceQuality "1"]
[TimeControl "40/5400+30:1800+30"]

1. Nf3 Nf6 2. g3 g6 3. b3 Bg7 4. Bb2 d6 5. d4 O-O 6. c4 Na6 7. Bg2 Rb8 8. Nc3 c6 9. e4 Nc7 10. O-O Bd7 11. Qc2 Qc8 12. Ne2 Nh5 13. e5 d5 14. Nh4 Bh6 15. f4 Ng7 16. Rf2 Nf5 17. Nxf5 Bxf5 18. Qd2 Be6 19. Rc1 Qd8 20. h3 f5 21. Qd3 Rf7 22. Rcf1 a6 23. Bf3 Qd7 24. c5 Ne8 25. Kh2 Ng7 26. Rg2 Nh5 27. Bxh5 gxh5 28. Qf3 Bf8 29. Qxh5 Rg7 30. Rfg1 Bf7 31. Qf3 e6 32. g4 Bg6 33. gxf5 exf5 34. h4 Qf7 35. Ng3 h5 36. Ne2 Re8 37. Rg3 Re6 38. Qg2 Be7 39. Kh3 Kh7 40. Rf1 Qe8 41. Ng1 Qf7 42. Nf3 Qe8 43. Rg1 Qf7 44. Bc3 Qe8 45. Ba5 Qd7 46. b4 Qc8 47. a4 Qd7 48. Qe2 Kh6 49. Rb1 Be8 50. Rxg7 Kxg7 51. Rg1+ Bg6 52. Nd2 Kh6 53. Qg2 Qe8 54. Nb1 Qf7 55. Nc3 Bh7 56. b5 Rg6 57. Qf2 Rg4 58. Rxg4 hxg4+ 59. Kg2 Qh5 60. Kf1 Bxh4 61. Qh2 Bg5 1/2-1/2

[Event "22nd Ruzomberok Open 2019"]
[Site "Ruzomberok"]
[Date "2019.06.30"]
[Round "2.30"]
[White "Gasper, Jaroslav"]
[Black "Hajtmansky, Milan"]
[Result "1-0"]
[ECO "B06"]
[WhiteElo "1772"]
[BlackElo "1521"]
[Annotator "NA"]
[PlyCount "87"]
[EventDate "2019.06.29"]
[EventType "swiss"]
[EventCountry "SVK"]
[SourceTitle "playchess.com"]
[Source "ChessBase"]
[SourceQuality "1"]
[TimeControl "40/5400+30:1800+30"]

1. e4 g6 2. d4 Bg7 3. c4 e6 4. Nc3 Ne7 5. h4 b6 6. a4 Bb7 7. Nf3 Nbc6 8. Be3 a6 9. Qd2 h5 10. Ng5 Na5 11. Qc2 Nac6 12. e5 Nf5 13. d5 Nxe5 14. dxe6 fxe6 15. O-O-O Qe7 16. Bf4 d6 17. Nge4 Bxe4 18. Qxe4 Kf7 19. Bg5 Bf6 20. Be2 Nd7 21. Bd3 Nc5 22. Qf3 Bxg5+ 23. hxg5 Qxg5+ 24. Kb1 Nb3 25. Ka2 Nbd4 26. Qe4 Qg4 27. f4 c5 28. Qb7+ Ne7 29. Rhe1 Rhb8 30. Qc7 Ndc6 31. f5 Nb4+ 32. Kb3 Nbc6 33. fxg6+ Kg7 34. Rf1 Nd4+ 35. Ka2 Ndf5 36. Bxf5 Qxc4+ 37. Ka1 Qh4 38. Bxe6 Kxg6 39. Qxd6 Rd8 40. Bd7+ Kg7 41. Qe5+ Kg8 42. Be6+ Kh7 43. Rf7+ Kh6 44. Qg7# 1-0